 Dungeon Crawl Stone Soup version 0.31-a0-799-g6bc09d010c (webtiles) character file.

Game seed: 1088122857855787109

331080 Selgatrox the Impregnable (level 20, -10/198 HPs)
             Began as a Minotaur Fighter on Sept 18, 2023.
             Was the Champion of Okawaru.
             Killed from afar by an ironbound thunderhulk (51 damage)
             ... with a bolt of lightning
             ... on level 4 of the Vaults on Sept 19, 2023.
             The game lasted 02:37:36 (32399 turns).

Selgatrox the Impregnable (Minotaur Fighter)       Turns: 32399, Time: 02:37:37

Health: -10/198    AC: 54    Str: 38    XL:     20   Next: 86%
Magic:  28/28      EV:  8    Int:  3    God:    Okawaru [******]
Gold:   3682       SH: 22    Dex: 17    Spells: 19/19 levels left

rFire   + + .        W - +9 broad axe of Malum In Se {flame, rN+}
rCold   + . .        O - +6 kite shield of the Old World {Contam Str+2 Int+2 Stlth+}
rNeg    + + .        f - +18 gold dragon scales "Laizxir" {Harm +Blink rPois rF+ rC+ Regen+ Str+3}
rPois   +            S - +2 hat {Will+}
rElec   .            b - +2 cloak {rCorr}
rCorr   +            F - +0 pair of gloves {hurl}
SInv    .            X - +2 pair of boots {Fly}
Will    +++++        m - amulet of the Four Winds {rN+ Will+++ Clar} Stlth
                     G - ring of protection from fire
HPRegen 1.33/turn    a - ring "Locle" {rPois Str+4 Int-4 Dex+6 Slay+2}
MPRegen 0.21/turn

%: harm (+30% outgoing, +20% incoming), clarity
@: flying, studying 2 skills
A: horns 2, retaliatory headbutt, shaggy fur 1
}: 2/15 runes: barnacled, gossamer
a: Renounce Religion, Evoke Blink, Heroism, Finesse, Duel


You were on level 4 of the Vaults.
You worshipped Okawaru.
Okawaru was exalted by your worship.
You visited 7 branches of the dungeon, and saw 35 of its levels.
You visited 1 bazaar.
You also visited: Bailey, Ice Cave and Volcano.

You collected 4959 gold pieces.
You spent 1277 gold pieces at shops.

Inventory:

Hand Weapons
 A - a +9 broad axe of freezing
 W - the +9 broad axe of Malum In Se (weapon) {flame, rN+}
   (You found it on level 4 of the Lair of Beasts)

   rN+:       It protects you from negative energy.
Missiles
 t - 4 curare-tipped darts
 u - 45 boomerangs
 E - 5 javelins
 H - 4 throwing nets
 M - 38 poisoned darts (quivered)
 Q - 17 atropa-tipped darts
Armour
 b - a +2 cloak of preservation (worn)
 f - the +18 gold dragon scales "Laizxir" (worn) {Harm +Blink rPois rF+ rC+ Regen+ Str+3}
   (Okawaru gifted it to you on level 11 of the Dungeon)

   Str+3:     It affects your strength (+3).
   rF+:       It protects you from fire.
   rC+:       It protects you from cold.
   rPois:     It protects you from poison +Blink: It lets you blink.
   Regen+:    It increases your rate of health regeneration.
   Harm:      It increases damage dealt and taken.
 F - a +0 pair of gloves of hurling (worn)
 O - the +6 kite shield of the Old World (worn) {Contam Str+2 Int+2 Stlth+}
   (Okawaru gifted it to you on level 5 of the Lair of Beasts)

   Str+2:     It affects your strength (+2).
   Int+2:     It affects your intelligence (+2).
   Contam:    It causes magical contamination when unequipped.
   Stlth+:    It makes you more stealthy.
 S - a +2 hat of willpower (worn)
 X - a +2 pair of boots of flying (worn)
Jewellery
 a - the ring "Locle" (right hand) {rPois Str+4 Int-4 Dex+6 Slay+2}
   (You bought it in a shop in a bazaar)

   [ring of dexterity]

   Str+4:     It affects your strength (+4).
   Int-4:     It affects your intelligence (-4).
   Dex+6:     It affects your dexterity (+6).
   Slay+2:    It affects your accuracy & damage with ranged weapons and melee
   (+2).
   rPois:     It protects you from poison
 m - the amulet of the Four Winds (around neck) {rN+ Will+++ Clar}
   (You found it on level 1 of the Shoals)

   [amulet of nothing]

   rN+:       It protects you from negative energy.
   Will+++:   It greatly increases your willpower.
   Clar:      It protects you from confusion, rage, mesmerisation and fear.
 n - the amulet "Posk" {rElec rC+ Regen+ Str+3}
   (You bought it in a shop in a bazaar)

   [amulet of regeneration]

   Str+3:     It affects your strength (+3).
   rC+:       It protects you from cold.
   rElec:     It insulates you from electricity.
   Regen+:    It increases your rate of health regeneration.
 q - the ring of Suspected Treachery {AC+4 Str+3}
   (You found it on level 4 of the Spider Nest)

   [ring of protection]

   AC+4:      It affects your AC (+4).
   Str+3:     It affects your strength (+3).
 G - a ring of protection from fire (left hand)
Wands
 r - a wand of digging (20)
 x - a wand of polymorph (31)
 C - a wand of flame (110)
Scrolls
 g - 3 scrolls of fog
 i - 6 scrolls of amnesia
 l - 3 scrolls of poison
 p - 6 scrolls of fear
 s - 9 scrolls of identify
 y - 4 scrolls of blinking
 z - 23 scrolls of teleportation
 B - 10 scrolls of revelation
 D - 2 scrolls of torment
 I - a scroll of brand weapon
 K - a scroll of enchant weapon
 P - 8 scrolls of vulnerability
 T - 7 scrolls of immolation
Potions
 c - 2 potions of mutation
 d - 8 potions of attraction
 e - 8 potions of brilliance
 j - 6 potions of lignification
 k - 5 potions of resistance
 o - 10 potions of ambrosia
 v - a potion of haste
 w - 6 potions of invisibility
 J - 2 potions of enlightenment
 L - 3 potions of heal wounds
 N - 3 potions of berserk rage
 R - 16 potions of curing
 U - 2 potions of might
 V - a potion of cancellation
 Z - a potion of magic
Miscellaneous
 h - a lightning rod (4/4)
 Y - a phial of floods


   Skills:
 + Level 21.5 Fighting
 - Level 18.0 Axes
 - Level 10.0 Throwing
 + Level 21.6 Armour
 + Level 21.5 Shields
 - Level 2.0 Poison Magic
 - Level 12.0 Invocations
 - Level 8.0 Evocations


You had 19 spell levels left.
You didn't know any spells.
Your spell library contained the following spells:

 Spells                   Type           Power      Damage    Failure   Level
 Apportation              Tloc           0%         N/A       98%         1
 Freeze                   Ice            0%         1d3       98%         1
 Magic Dart               Conj           0%         1d3       98%         1
 Shock                    Conj/Air       0%         1d3       98%         1
 Poisonous Vapours        Pois/Air       0%         N/A       98%         2
 Blink                    Tloc           0%         N/A       99%         2
 Cigotuvi's Dreadful Rot  Necr/Pois/Air  0%         N/A       99%         2
 Ensorcelled Hibernation  Hex/Ice        0%         N/A       99%         2
 Jinxbite                 Hex            0%         N/A       99%         2
 Lesser Beckoning         Tloc           0%         N/A       99%         2
 Momentum Strike          Conj/Tloc      0%         3d8       99%         2
 Searing Ray              Conj           0%         2d4       99%         2
 Dazzling Flash           Conj/Hex       0%         N/A       100%        3
 Frozen Ramparts          Ice            0%         1d1       100%        3
 Gell's Gravitas          Tloc           0%         N/A       100%        3
 Hailstorm                Conj/Ice       0%         3d3       100%        3
 Ignite Poison            Fire/Tmut/Pois 0%         N/A       100%        3
 Mephitic Cloud           Conj/Pois/Air  0%         N/A       100%        3
 Sigil of Binding         Hex            0%         N/A       100%        3
 Teleport Other           Tloc           0%         N/A       100%        3
 Volatile Blastmotes      Fire/Tloc      0%         2d10      100%        3
 Anguish                  Hex/Necr       0%         N/A       100%        4
 Dimensional Bullseye     Hex/Tloc       0%         N/A       100%        4
 Fulminant Prism          Conj/Hex       0%         3d5       100%        4
 Iskenderun's Mystic Bla  Conj/Tloc      0%         2d3       100%        4
 Leda's Liquefaction      Hex/Erth       0%         N/A       100%        4
 Manifold Assault         Tloc           0%         N/A       100%        4
 Passage of Golubria      Tloc           0%         N/A       100%        4
 Vhi's Electric Charge    Tloc/Air       0%         N/A       100%        4
 Agony                    Necr           0%         N/A       100%        5
 Alistair's Intoxication  Tmut/Pois      0%         N/A       100%        5
 Arcjolt                  Conj/Air       0%         1d10      100%        5
 Freezing Cloud           Conj/Ice/Air   0%         6-21      100%        5
 Iskenderun's Battlesphe  Conj           0%         2d6       100%        5
 Metabolic Englaciation   Hex/Ice        0%         N/A       100%        5
 Silence                  Hex/Air        0%         N/A       100%        5
 Yara's Violent Unravell  Hex/Tmut       0%         3d3       100%        5
 Dispersal                Tloc           0%         N/A       100%        6
 Eringya's Noxious Bog    Tmut/Pois      0%         4d6       100%        6
 Leda's Unmaking          Conj/Erth      0%         9d1       100%        6
 Plasma Beam              Fire/Air       0%         2x1d10    100%        6
 Chain Lightning          Conj/Air       0%         N/A       100%        9
 Fire Storm               Conj/Fire      0%         5d1       100%        9
 Shatter                  Erth           0%         3d5*      100%        9
 Summon Small Mammal      Summ           Unusable   N/A       N/A         1
 Call Imp                 Summ           Unusable   N/A       N/A         2
 Call Canine Familiar     Summ           Unusable   N/A       N/A         3
 Summon Guardian Golem    Hex/Summ       Unusable   N/A       N/A         3
 Tukima's Dance           Hex            Unusable   N/A       N/A         3
 Summon Ice Beast         Ice/Summ       Unusable   N/A       N/A         4
 Summon Forest            Summ/Tloc      Unusable   N/A       N/A         5
 Simulacrum               Ice/Necr       Unusable   N/A       N/A         6
 Spellforged Servitor     Conj/Summ      Unusable   N/A       N/A         7
 Summon Hydra             Summ           Unusable   N/A       N/A         7

Dungeon Overview and Level Annotations

Branches:
Dungeon (15/15)            Temple (1/1) D:7            Lair (5/5) D:11
 Shoals (4/4) Lair:3       Spider (4/4) Lair:2        Slime (0/5) Lair:5
    Orc (2/2) D:11            Elf (0/3) Orc:2        Vaults (4/5) D:13
  Crypt (0/3) Vaults:3     Depths (0/4) D:15         Bailey (visited)
  IceCv (visited)         Volcano (visited)

Altars:
Ashenzari
Cheibriados
Dithmenos
Elyvilon
Fedhas
Gozag
Hepliaklqana
Kikubaaqudgha
Makhleb
Nemelex Xobeh
Okawaru
Qazlal
Ru
Sif Muna
Trog
Uskayaw
Vehumet
Wu Jian
Xom
Yredelemnul
Zin
The Shining One

Shops:
D:4 :   D:6 !   D:7 :   Orc:2 *=([   Shoals:2 =   Vaults:1 =   Vaults:3 ::


Innate Abilities, Weirdness & Mutations

You have a pair of horns on your head.
You reflexively headbutt those who attack you in melee.
You are covered in fur. (AC +1)


Message History

Electricity crackles from the ironbound thunderhulk's apparatus.
The bolt of lightning hits you!!!
* * * LOW HITPOINT WARNING * * *
You hit the peacekeeper but do no damage.
You headbutt the peacekeeper, but do no damage.
The peacekeeper is severely damaged.
The peacekeeper barely misses you. You block the peacekeeper's attack.
You feel much better.
The peacekeeper bites you but does no damage.
You block the peacekeeper's attack. x2
The peacekeeper claws you but does no damage.
Electricity crackles from the ironbound thunderhulk's apparatus.
The bolt of lightning hits you!!
* * * LOW HITPOINT WARNING * * *
Electricity crackles from the ironbound thunderhulk's apparatus.
The bolt of lightning hits you but does no damage.
The ice encasing you melts away.
The peacekeeper attacks as it pursues you!
You block the peacekeeper's attack. x2
The peacekeeper bites you but does no damage.
The peacekeeper barely misses you.
The ironbound preserver casts a spell.
The ironbound preserver begins to accept its allies' injuries.
Electricity crackles from the ironbound thunderhulk's apparatus.
The bolt of lightning hits you!
* * * LOW HITPOINT WARNING * * *
You reach down and open the door.
The peacekeeper bites you but does no damage.
You block the peacekeeper's attack.
Electricity crackles from the ironbound thunderhulk's apparatus.
The bolt of lightning hits you!
* * * LOW HITPOINT WARNING * * *
The peacekeeper bites you but does no damage.
The peacekeeper claws you but does no damage.
There is an open door here.
You feel much better. You block the peacekeeper's attack.
The peacekeeper claws you but does no damage.
Electricity crackles from the ironbound thunderhulk's apparatus.
The bolt of lightning hits you!!!
You die...

.......................#.#...#.#
.......................#.......#
#.......†########......#########
##.......#......#........
.##......#......#.........
..##.....#......#.........
...##....#......#........
....#....#......#...#####
...##....#......@...#
..##....###+#####9..#...
.##.....# #..p..'.... ##......#
#p....#....
#.......#...ppG.....#....
........#....O#.....# ...
##......#.....#....O# ..
.#......#.... #.....#
.#......#######.......


You could see an ironbound preserver, an ironbound thunderhulk (sheltered) and a
peacekeeper.

Vanquished Creatures
  Frederick (Vaults:3)
  Mlioglotl (Shoals:1)
  2 Ice Fiends (IceCv)
  3 krakens
  4 sphinxes
  Polyphemus (Shoals:2)
  Agnes (D:15)
  Roxanne (Shoals:1)
  Gastronok (Lair:3)
  Donald (Shoals:3)
  13 vault wardens
  3 ghost moths
  The ghost of Banec the Party-goer, an adept VSFi of Uskayaw (Spider:4)
  A balrug (Orc:1)
  3 emperor scorpions (Spider:3)
  8 ironbound preservers
  3 orc warlords
  A juggernaut skeleton (D:15)
  A stone giant (Vaults:4)
  A formless jellyfish (Vaults:2)
  The ghost of Anay the Bludgeoner, a journeyman FoFi of Zin (D:14)
  2 broodmothers
  8 ironbound thunderhulks
  Nessos (D:13)
  A vampire knight (Vaults:3)
  2 eleionomae (Shoals:1)
  4 dire elephants (Vaults:2)
  A fire dragon (D:14)
  12 merfolk impalers
  6 merfolk javelineers
  13 entropy weavers
  6 vault guards
  11 great orbs of eyes
  5 yaktaur captains
  2 jorogumos (Spider:4)
  3 caustic shrike simulacra (IceCv)
  8 ironbound frosthearts
  2 radroaches (Spider:4)
  5 merfolk avatars
  2 ogre magi
  7 hydras
  11 centaur warriors
  4 catoblepae
  10 two-headed ogres
  17 boulder beetles
  3 satyrs (Shoals:1)
  3 merfolk aquamancers
  9 death yaks
  2 tengu warriors (D:15)
  11 demonic crawlers
  6 orc high priests (Orc:2)
  Urug (Lair:3)
  7 pharaoh ants
  Amaemon (Lair:3)
  A skeletal warrior (D:14)
  11 sea snakes
  4 skysharks
  4 glowing orange brains
  16 orb spiders
  28 deep trolls
  A sun moth (Spider:3)
  10 wizards
  12 steelbarb worms
  4 necromancers
  A bog body (IceCv)
  2 spriggan simulacra
  A flayed ghost (D:15)
  2 obsidian statues (IceCv)
  7 lindwurms
  2 deep elf pyromancers
  14 ironbound convokers
  14 wolf spiders
  11 harpies
  21 ugly things
  12 orc knights
  A fire giant zombie (D:15)
  An oklob plant (Lair:5)
  11 manticores
  18 fauns
  A moth of wrath (shapeshifter) (Vaults:1)
  4 orc sorcerers (Orc:2)
  9 cyclopes
  4 moths of wrath
  2 salamanders (Volcano)
  8 merfolk sirens
  11 water nymphs
  12 cane toads
  3 black mambas
  11 torpor snails
  15 vault sentinels
  A spriggan zombie (D:15)
  Jeremiah (D:7)
  A gargoyle (D:13)
  An orange demon (Lair:3)
  Maggie (D:6)
  2 unseen horrors
  3 komodo dragons
  38 yaktaurs
  8 freezing wraiths (IceCv)
  3 rime drakes
  3 golden dragon simulacra (IceCv)
  2 guardian mummies (D:15)
  An ice devil (IceCv)
  7 meliai
  9 wind drakes
  29 tarantellas
  5 trolls
  2 polar bears (Lair:5)
  7 hornets
  31 merfolk
  Grinder (D:5)
  22 blink frogs
  10 dream sheep
  6 snapping turtles
  An ettin zombie (D:15)
  39 slime creatures
  35 jumping spiders
  13 spriggans (Lair:5)
  13 culicivoras
  3 dire elephant simulacra (Spider:4)
  15 water elementals
  5 wyverns
  5 wraiths
  4 vampires
  2 steam dragons
  52 yaks
  17 humans (D:13)
  2 basilisks
  2 humans (shapeshifter)
  A fire bat (Volcano)
  59 redbacks
  A minotaur simulacrum (IceCv)
  Edmund (D:6)
  Menkaure (D:5)
  3 wargs (D:11)
  5 swamp worms (Lair:3)
  2 harpy simulacra (Spider:4)
  2 acid dragons
  2 hydra simulacra (IceCv)
  3 hell hounds (Volcano)
  A floating eye (shapeshifter) (D:14)
  5 water moccasins
  29 orc warriors
  A swamp drake (D:11)
  7 black bears
  4 sky beasts
  2 ettin simulacra (IceCv)
  9 ogres
  27 wolves
  4 boggarts (Lair:5)
  18 centaurs
  3 phantoms
  2 kobold brigands
  13 bullfrogs
  2 wyvern zombies (D:6)
  8 gnoll sergeants (Bailey)
  2 scorpions
  2 deep troll simulacra (Spider:4)
  18 wights
  5 killer bees
  3 electric eels
  A howler monkey (D:12)
  2 bullfrog zombies (D:6)
  A lava snake (D:13)
  2 jellies
  7 gnoll boudas
  6 hounds
  A centaur skeleton (D:6)
  11 orc priests
  A bullfrog skeleton (D:6)
  Crazy Yiuf (D:3)
  Ijyb (D:5)
  2 iguanas
  16 orc wizards
  2 polar bear simulacra (Lair:3)
  3 wolf simulacra (Lair:3)
  5 yak simulacra (Lair:3)
  A killer bee zombie (D:6)
  2 howler monkey zombies (D:6)
  18 gnolls
  7 adders
  2 white imps
  2 ufetubi
  5 worms
  65 orcs
  2 ball pythons
  7 bats
  2 endoplasms
  A giant cockroach (D:3)
  5 goblins
  9 hobgoblins
  3 jackals (D:1)
  11 kobolds
  3 quokkas
  A frilled lizard (D:3)
  3 rats (D:1)
  A river rat simulacrum (Lair:3)
  6 tentacles
1392 creatures vanquished.

Vanquished Creatures (others)
  Erica (D:8)
  A necromancer (Lair:3)
  Maurice (D:8)
  A merfolk (Shoals:3)
  An orc warrior (Orc:2)
  A gnoll (D:6)
  8 tentacles
14 creatures vanquished.

Grand Total: 1406 creatures vanquished

Notes
Turn   | Place    | Note
-------+----------+-------------------------------------------
     0 | D:1      | Selgatrox the Minotaur Fighter began the quest for the Orb.
     0 | D:1      | Reached XP level 1. HP: 19/19 MP: 0/0
   195 | D:1      | Reached XP level 2. HP: 21/27 MP: 1/1
  1146 | D:2      | Reached XP level 3. HP: 33/33 MP: 2/2
  1233 | D:2      | Found a blossoming altar of Fedhas.
  1744 | D:3      | Reached XP level 4. HP: 22/41 MP: 3/3
  2014 | D:3      | Found a runed translucent door.
  2015 | D:3      | Noticed Crazy Yiuf
  2022 | D:3      | Killed Crazy Yiuf
  2416 | D:4      | Reached XP level 5. HP: 44/47 MP: 4/4
  2485 | D:4      | Found Loto's Book Shoppe.
  2605 | D:4      | Reached skill level 5 in Fighting
  2718 | D:4      | Reached skill level 5 in Armour
  2950 | D:5      | Entered Level 5 of the Dungeon
  2977 | D:5      | Reached skill level 5 in Shields
  3008 | D:5      | Noticed Menkaure
  3015 | D:5      | Killed Menkaure
  3016 | D:5      | Reached XP level 6. HP: 46/56 MP: 5/5
  3022 | D:5      | Noticed Ijyb
  3031 | D:5      | Killed Ijyb
  3122 | D:5      | Reached skill level 5 in Axes
  3122 | D:5      | Reached XP level 7. HP: 59/62 MP: 6/6
  3240 | D:5      | Noticed Grinder
  3258 | D:5      | Killed Grinder
  3596 | D:6      | Reached XP level 8. HP: 39/71 MP: 7/7
  3607 | D:6      | Found Viob's Distillery.
  3884 | D:6      | You fall into a shaft and drop 2 floors!
  4121 | D:6      | Found a blossoming altar of Fedhas.
  4121 | D:6      | Found a shimmering altar of Xom.
  4226 | D:6      | Reached XP level 9. HP: 81/81 MP: 8/8
  4649 | D:6      | Noticed Edmund
  4655 | D:6      | Killed Edmund
  4715 | D:6      | Noticed Maggie
  4748 | D:6      | HP: 1/82 [Maggie/bolt of fire (15)]
  4754 | D:6      | Killed Maggie
  5235 | D:7      | Noticed Jeremiah
  5642 | D:7      | Found a staircase to the Ecumenical Temple.
  5647 | Temple   | Entered the Ecumenical Temple
  5657 | Temple   | Became a worshipper of Warmaster Okawaru
  5736 | D:7      | Killed Jeremiah
  5780 | D:7      | Reached XP level 10. HP: 67/91 MP: 9/9
  5782 | D:7      | Reached * piety under Okawaru
  5952 | D:7      | Found Taod's Tiny Tomes.
  6422 | D:8      | Noticed a centaur warrior
  6428 | D:8      | Killed a centaur warrior
  6470 | D:8      | Noticed a centaur warrior
  6490 | D:8      | Killed a centaur warrior
  6490 | D:8      | Reached ** piety under Okawaru
  6491 | D:8      | Reached skill level 10 in Fighting
  6491 | D:8      | Reached skill level 10 in Armour
  6491 | D:8      | Reached skill level 10 in Shields
  6491 | D:8      | Reached skill level 1 in Poison Magic
  7118 | D:8      | Noticed Erica
  7118 | D:8      | Noticed Maurice
  7127 | D:8      | Killed Erica
  7353 | D:8      | Killed Maurice
  7354 | D:8      | Reached skill level 10 in Axes
  7888 | D:9      | Reached *** piety under Okawaru
  7915 | D:9      | Reached XP level 11. HP: 30/101 MP: 10/10
  8538 | D:9      | Noticed a two-headed ogre
  8548 | D:9      | Killed a two-headed ogre
  8549 | D:9      | Reached skill level 1 in Throwing
  8549 | D:9      | Reached skill level 1 in Invocations
  8920 | D:10     | Entered Level 10 of the Dungeon
  8951 | D:10     | Found a flagged portal.
  8965 | Bailey   | Entered a bailey
  9872 | D:10     | Reached **** piety under Okawaru
 10233 | D:10     | Noticed a two-headed ogre
 10246 | D:10     | Killed a two-headed ogre
 10246 | D:10     | Reached ***** piety under Okawaru
 10417 | D:11     | Noticed a boulder beetle
 10444 | D:11     | Killed a boulder beetle
 10444 | D:11     | Received a gift from Okawaru
 10672 | D:11     | Noticed a boulder beetle
 10691 | D:11     | Killed a boulder beetle
 10815 | D:11     | Reached XP level 12. HP: 111/111 MP: 13/13
 10924 | D:11     | Found a staircase to the Lair.
 11083 | D:11     | Identified the +18 gold dragon scales "Laizxir" {Harm
                  | +Blink rPois rF+ rC+ Regen+ Str+3} (Okawaru gifted it to
                  | you on level 11 of the Dungeon)
 11083 | D:11     | Received a gift from Okawaru
 11232 | D:11     | Noticed a boulder beetle
 11243 | D:11     | Killed a boulder beetle
 11302 | D:11     | Found a staircase to the Orcish Mines.
 11719 | Lair:1   | Entered Level 1 of the Lair of Beasts
 11870 | Lair:1   | Identified the +0 ring mail of Inquiry {SInv}
 12003 | Lair:1   | Reached skill level 5 in Throwing
 12045 | Lair:1   | Noticed a boulder beetle
 12062 | Lair:1   | Killed a boulder beetle
 12091 | Lair:1   | Noticed a death yak
 12093 | Lair:1   | Noticed a death yak
 12104 | Lair:1   | Killed a death yak
 12105 | Lair:1   | Reached skill level 5 in Invocations
 12105 | Lair:1   | Killed a death yak
 12472 | Lair:2   | Noticed a five-headed hydra
 12481 | Lair:2   | Killed a five-headed hydra
 12498 | Lair:2   | Received a gift from Okawaru
 12707 | Lair:2   | Found a dark tunnel.
 12716 | Volcano  | Entered a volcano
 12733 | Volcano  | Reached XP level 13. HP: 119/119 MP: 15/15
 12744 | Volcano  | Identified the +0 fire dragon scales of Miydua {rF++ rC-
                  | Str+6 Int-4}
 13193 | Lair:2   | Found a hole to the Spider Nest.
 13446 | Lair:2   | Reached XP level 14. HP: 129/129 MP: 17/17
 13511 | Lair:3   | Found a transporter.
 13664 | Lair:3   | Found a transporter.
 13777 | Lair:3   | Noticed Urug
 13789 | Lair:3   | Killed Urug
 13876 | Lair:3   | Noticed Amaemon
 13889 | Lair:3   | Killed Amaemon
 14054 | Lair:3   | Found a staircase to the Shoals.
 14069 | Lair:3   | Noticed Gastronok
 14080 | Lair:3   | Killed Gastronok
 14080 | Lair:3   | Reached ****** piety under Okawaru
 14080 | Lair:3   | Received a gift from Okawaru
 14500 | Lair:4   | Found an ornate altar of the Wu Jian Council.
 14587 | Lair:4   | Identified the +9 broad axe of Malum In Se {flame, rN+}
 14956 | Lair:5   | Entered Level 5 of the Lair of Beasts
 15064 | Lair:5   | Found a staircase to the Slime Pits.
 15103 | Lair:5   | Received a gift from Okawaru
 15146 | Lair:5   | Identified the +6 kite shield of the Old World {Contam
                  | Str+2 Int+2 Stlth+} (Okawaru gifted it to you on level 5 of
                  | the Lair of Beasts)
 15146 | Lair:5   | Received a gift from Okawaru
 15303 | Lair:5   | Reached XP level 15. HP: 139/139 MP: 20/20
 16043 | D:12     | Reached skill level 15 in Armour
 16063 | D:12     | Reached skill level 15 in Fighting
 16404 | D:12     | Reached skill level 15 in Shields
 16655 | D:12     | Reached skill level 15 in Axes
 16892 | D:13     | Found a flickering gateway to a bazaar.
 16898 | Bazaar   | Entered a bazaar
 16898 | Bazaar   | Found Qereco Sudu's Jewellery Shop.
 16907 | Bazaar   | Found Goer Ximi's Magic Scroll Emporium.
 16912 | Bazaar   | Found Faiqujul's Jewellery Emporium.
 16915 | Bazaar   | Bought a scroll of enchant armour for 90 gold pieces
 16917 | Bazaar   | Found Qoeffy's Weapon Emporium.
 16936 | Bazaar   | Found Villaedu's Antique Armour Emporium.
 16980 | Bazaar   | Bought the amulet "Posk" {rElec rC+ Regen+ Str+3} for 687
                  | gold pieces
 17000 | Bazaar   | Bought the ring "Locle" {rPois Str+4 Int-4 Dex+6 Slay+2}
                  | for 500 gold pieces
 17247 | D:13     | Noticed Nessos
 17265 | D:13     | Killed Nessos
 17509 | D:13     | Found a gate to the Vaults.
 17513 | D:13     | Received a gift from Okawaru
 17938 | D:14     | Identified the +2 war axe "Huno Odo" {chaos, Str+5}
                  | (Okawaru gifted it to you on level 14 of the Dungeon)
 17938 | D:14     | Received a gift from Okawaru
 18135 | D:14     | Found a transporter.
 18145 | D:14     | Found a transporter.
 18146 | D:14     | Noticed Anay's ghost (journeyman FoFi)
 18242 | D:14     | Killed Anay's ghost
 18312 | D:14     | Identified a scroll of acquirement
 18313 | D:14     | Acquired 562 gold pieces
 18531 | D:15     | Entered Level 15 of the Dungeon
 18630 | D:15     | Received a gift from Okawaru
 18635 | D:15     | Reached XP level 16. HP: 152/152 MP: 21/21
 18691 | D:15     | Found a staircase to the Depths.
 18789 | D:15     | Noticed Agnes
 18798 | D:15     | Killed Agnes
 19212 | Orc:1    | Entered Level 1 of the Orcish Mines
 19418 | Orc:1    | Found a runed translucent door.
 19508 | Orc:2    | Entered Level 2 of the Orcish Mines
 19512 | Orc:2    | Found Neafes's General Store.
 19567 | Orc:2    | Found Wotiujia's Jewellery Emporium.
 19574 | Orc:2    | Identified the +1 hat of the Teacher {rPois rC- rCorr}
                  | (Okawaru gifted it to you on level 2 of the Orcish Mines)
 19574 | Orc:2    | Received a gift from Okawaru
 19621 | Orc:2    | Found Osuxifed's Antique Weapon Shoppe.
 19793 | Orc:2    | Found a staircase to the Elven Halls.
 19808 | Orc:2    | Found Huodwyuxt's Antique Armour Emporium.
 20455 | Spider:1 | Entered Level 1 of the Spider Nest
 21110 | Spider:1 | Received a gift from Okawaru
 21698 | Spider:2 | Reached XP level 17. HP: 163/163 MP: 8/22
 22146 | Spider:3 | Received a gift from Okawaru
 22195 | Spider:3 | Received a gift from Okawaru
 22683 | Spider:4 | Entered Level 4 of the Spider Nest
 22752 | Spider:4 | Received a gift from Okawaru
 22754 | Spider:4 | Found a frozen archway.
 22778 | IceCv    | Entered an ice cave
 22830 | IceCv    | Gained mutation: You occasionally shout uncontrollably at
                  | your foes. [a neqoxec]
 22832 | IceCv    | Gained mutation: You are clumsy. (Dex -2) [a neqoxec]
 23055 | IceCv    | Noticed an Ice Fiend
 23055 | IceCv    | Noticed an Ice Fiend
 23060 | IceCv    | Killed an Ice Fiend
 23066 | IceCv    | Killed an Ice Fiend
 23070 | IceCv    | Got a glistering book
 23079 | IceCv    | Lost mutation: You are clumsy. (Dex -2) [potion of
                  | mutation]
 23079 | IceCv    | Lost mutation: You occasionally shout uncontrollably at
                  | your foes. [potion of mutation]
 23079 | IceCv    | Gained mutation: You are covered in fur. (AC +1) [potion of
                  | mutation]
 23244 | Spider:4 | Identified the +0 hat of Context {rElec Str+3 Dex+3}
                  | (Okawaru gifted it to you on level 4 of the Spider Nest)
 23244 | Spider:4 | Received a gift from Okawaru
 23480 | Spider:4 | Found a runed translucent door.
 23483 | Spider:4 | Noticed Banec's ghost (adept VSFi)
 23492 | Spider:4 | Killed Banec's ghost
 23493 | Spider:4 | Reached skill level 1 in Evocations
 23497 | Spider:4 | Identified the ring of Suspected Treachery {AC+4 Str+3}
 23499 | Spider:4 | Identified the +1 falchion "Ranofun" {venom, Int+5}
 23582 | Spider:4 | Reached XP level 18. HP: 111/176 MP: 15/23
 23908 | Spider:4 | Got a gossamer rune of Zot
 24523 | Shoals:1 | Entered Level 1 of the Shoals
 24525 | Shoals:1 | Noticed Mlioglotl
 24533 | Shoals:1 | Killed Mlioglotl
 24669 | Shoals:1 | Received a gift from Okawaru
 25221 | Shoals:1 | Noticed Roxanne
 25222 | Shoals:1 | Found the amulet of the Four Winds {rN+ Will+++ Clar}
 25246 | Shoals:1 | Killed Roxanne
 25620 | Shoals:2 | Noticed Polyphemus
 25621 | Shoals:2 | Found Dacad's Jewellery Shop.
 25625 | Shoals:2 | Killed Polyphemus
 26829 | Shoals:3 | Received a gift from Okawaru
 26977 | Shoals:3 | Noticed Donald
 26985 | Shoals:3 | Killed Donald
 27270 | Shoals:4 | Entered Level 4 of the Shoals
 27392 | Shoals:4 | Identified the +1 scale mail "Xixtiga" {Str+3 Int+3 SInv}
 27450 | Shoals:4 | Reached XP level 19. HP: 185/185 MP: 25/25
 27611 | Shoals:4 | Reached skill level 5 in Evocations
 27685 | Shoals:4 | Received a gift from Okawaru
 27767 | Shoals:4 | Reached skill level 10 in Invocations
 27982 | Shoals:4 | Got a barnacled rune of Zot
 28618 | Vaults:1 | Entered Level 1 of the Vaults
 28699 | Vaults:1 | Found Zeasoiku's Jewellery Boutique.
 28765 | Vaults:1 | Identified the +1 broad axe of Duty {heavy, MP+9 SInv
                  | Stlth+} (Okawaru gifted it to you on level 1 of the Vaults)
 28765 | Vaults:1 | Received a gift from Okawaru
 28884 | Vaults:1 | Found a runed translucent door.
 29234 | Vaults:1 | Received a gift from Okawaru
 29458 | Vaults:1 | Upgraded the game from 0.31-a0-795-g5eb97db20b to
                  | 0.31-a0-799-g6bc09d010c
 29720 | Vaults:2 | Identified the +0 pair of gloves of Mutualism {rN+ Will+++
                  | rCorr Str-5} (Okawaru gifted it to you on level 2 of the
                  | Vaults)
 29720 | Vaults:2 | Received a gift from Okawaru
 29837 | Vaults:2 | Got an upside-down book
 29965 | Vaults:2 | You are sucked into a shaft and drop 1 floor!
 29980 | Vaults:3 | Reached XP level 20. HP: 180/194 MP: 27/27
 30007 | Vaults:3 | Noticed Frederick
 30013 | Vaults:3 | Killed Frederick
 30371 | Vaults:3 | Found Cekh's Book Shop.
 30496 | Vaults:3 | Found Fatwian's Book Emporium.
 30534 | Vaults:3 | Received a gift from Okawaru
 30610 | Vaults:3 | Found a staircase to the Crypt.
 30772 | Vaults:3 | Received a gift from Okawaru
 31013 | Vaults:2 | Reached skill level 10 in Throwing
 31826 | Vaults:3 | Identified the +1 robe of the Bespelled Grue {Will+ Dex+2}
                  | (Okawaru gifted it to you on level 3 of the Vaults)
 31826 | Vaults:3 | Received a gift from Okawaru
 32397 | Vaults:4 | HP: 6/198 [ironbound thunderhulk/bolt of lightning (14)]
 32399 | Vaults:4 | Killed from afar by an ironbound thunderhulk

Illustrated notes

Levels and vault maps discovered:
D:1:      kennysheep_arrival_seaside, layout_loops_ring, dk_noncrumbling_3,
          hex_large, dreamdust_wishing_well, minivault_23,
          minmay_misc_feat_more_columns
D:2:      layout_loops_ring, serial_forest, infiniplex_forest_end_2,
          infiniplex_forest_pool, infiniplex_forest_corner_1,
          infiniplex_forest_straight_5, infiniplex_forest_clump_diagonal,
          infiniplex_forest_lined_2, basic_altar
D:3:      layout_loops_ring, guppyfry_early_orc_mine, uniq_crazy_yiuf_cottage
D:4:      layout_cave_pools, serial_shops, kennysheep_mini
D:5:      layout_cave_pools, nicolae_elevator_lobby_plus, uniq_ijyb,
          uniq_menkaure, uniq_grinder
D:6:      layout_loops_cross, mainiacjoe_overflow_divided_tiny, serial_undead,
          serial_undead_c, serial_undead_f, serial_undead_d, serial_undead_a,
          serial_bayou_ford_a, hangedman_abyss_or_decor_stabs,
          nicolae_take_the_stairs, uniq_edmund, uniq_maggie
D:7:      layout_loops_corners, minmay_temple_entry_statues_pillars,
          nicolae_shop_i_like_small_books_too, uniq_jeremiah
D:8:      layout_basic, hangedman_minor_gate_pass, uniq_maurice, uniq_erica
D:9:      layout_basic, minmay_misc_feat_plants, kennysheep_generic_room_2
D:10:     layout_big_octagon, enter_bailey_4, kennysheep_generic_room_5
D:11:     layout_roguey, erik_lair_dragon, david_orc_1_choice, kb_rosetta
D:12:     layout_cave_pods, drop_trap
D:13:     layout_basic, grunt_vaults_entry_tiered, serial_shops, bzr_entry_safe,
          kennysheep_generic_room_9, uniq_nessos
D:14:     minmay_ambush_box, layout_basic, nzn_ghost_randoct,
          chequers_serial_rivers_micro_c
D:15:     gammafunk_depths_entry_grave, layout_gridville, uniq_agnes
Temple:   nicolae_temple_slightly_damp_pantheon
Lair:1:   layout_hall_layers, serial_bayou_shore_a, lemuel_fruit_tree,
          grunt_megastairs_1
Lair:2:   layout_hall_layers, dummy_spider_entry,
          lightli_volcano_entry_magma_tube
Lair:3:   gammafunk_worm_tunnel, layout_chaotic_city,
          minmay_shoals_entry_centaurs, eino_house_with_fridge,
          infiniplex_staircase_pool, lemuel_fruit_fields, uniq_amaemon,
          uniq_gastronok, uniq_urug
Lair:4:   layout_roguey, basic_altar, hibernation_bobbens
Lair:5:   minmay_lair_end_enchanted_forest, layout_long_grid, slime_entry_1,
          serial_bayou_pond_c
Shoals:1: layout_shoals, nicolae_shoals_enchanted_isle, uniq_roxanne,
          uniq_mlioglotl
Shoals:2: layout_shoals, serial_shops, shop, uniq_polyphemus
Shoals:3: layout_shoals, uniq_donald
Shoals:4: shoals_end_simple, layout_shoals
Spider:1: layout_chambers
Spider:2: layout_spider_delve
Spider:3: layout_spider_delve, nicolae_spider_wall_of_niches
Spider:4: hellmonk_spider_rune_bug_friends, ebering_ghost_reflecting_pool,
          portal_ice_cave_entry_ice_simulacra, nicolae_spider_not_touching_you
Orc:1:    dreamdust_dug_too_deep, layout_diamond_mine, serial_shops,
          nicolae_shop_stone, basic_altar
Orc:2:    grunt_orc_gardens, layout_caves, grunt_orc_garden, grunt_orc_garden,
          grunt_orc_garden, grunt_orc_garden
Vaults:1: nicolae_vaults_doubleplus_tesselated, vaults_room_octagon,
          nicolae_vaults_network_periphery, vaults_mumra_minichess_inversion,
          nicolae_vaults_circle_grid_a, ontoclasm_vaults_gateway,
          nicolae_vaults_border_crossing, nicolae_vaults_tetromino_T_2,
          v_pattern_4, nicolae_vaults_three_branches, nicolae_vaults_oozy_zoo,
          layout_vaults_omnicross, serial_shops, nicolae_shop_tiny_statue_garden
Vaults:2: nicolae_vaults_tetromino_Z_2, v_misc_3,
          nicolae_vaults_trapezoid_lopsided_1, nicolae_vaults_shelves_hall,
          vaults_room_pool, vaults_mumra_hexcomb, v_misc_10,
          vaults_dpeg_emergency_exit, vaults_room_ringed_pool,
          nicolae_vaults_arrows, nicolae_vaults_closet_pinwheel_6,
          v_alt_pattern_2, vaults_dpeg_doors, layout_vaults_omnibox,
          serial_shops, bzr_entry_gold, uniq_margery
Vaults:3: ontoclasm_vaults_fault, minmay_crypt_entry_vampire_xt, v_pattern_3,
          nicolae_vaults_house_2, nicolae_vaults_tetromino_L_2,
          grunt_vaults_twisty, nicolae_vaults_storage_closets_2,
          nicolae_vaults_closet_pinwheel_1, hangedman_vaults_maws,
          ontoclasm_vaults_loading_screen, nicolae_vaults_rhombus_7,
          ontoclasm_vaults_chip, layout_vaults_quadrants, serial_shops,
          nicolae_book_shop_shelving, shop, uniq_frederick
Vaults:4: ontoclasm_vaults_ring_square, dpeg_vaults_monster_box,
          grunt_vaults_trifunnel, ontoclasm_vaults_spin, nicolae_vaults_house_3,
          vaults_room_stairs_pillars, nicolae_vaults_mini_display_case,
          vaults_room_fours, layout_vaults_chaotic_city, serial_shops,
          bzr_entry_dummy

Skill      XL: |  1  2  3  4  5  6  7  8  9 10 11 12 13 14 15 16 17 18 19 20 |
---------------+-------------------------------------------------------------+-----
Fighting       | 4 5 6 8 9 10 11 12 13 14 16 17 19 20 21 | 21.5
Shields        | 4 5 6 7 9 10 11 12 13 14 16 17 19 20 21 | 21.5
Armour         | 4 5 6 8 9 10 11 13 14 16 17 19 20 21 | 21.6
Axes           | 3 4 5 6 7 9 10 11 12 13 14 16 17 18 | 18.0
Poison Magic   | 2 |  2.0
Throwing       | 3 5 7 9 10 | 10.0
Invocations    | 3 5 6 8 9 11 12 | 12.0
Evocations     | 1 4 6 8 |  8.0

Action                     |  1- 3 |  4- 6 |  7- 9 | 10-12 | 13-15 | 16-18 | 19-21 || total
---------------------------+-------+-------+-------+-------+-------+-------+-------++-------
  Melee: War axe           |    82 |    95 |   253 |   489 |   143 |       |       ||  1062
         Headbutt          |    10 |    13 |    42 |   105 |   121 |   229 |   139 ||   659
         Trident           |       |       |       |     9 |    18 |       |       ||    27
         Broad axe         |       |       |       |       |   345 |   967 |   569 ||  1881
  Throw: Javelin           |       |       |       |     1 |     9 |       |       ||    10
         Dart              |       |       |       |       |       |     6 |       ||     6
 Invoke: Heroism           |       |       |       |     3 |     1 |     3 |     2 ||     9
         Finesse           |       |       |       |       |       |     3 |     2 ||     5
    Use: Scroll            |     2 |     6 |     4 |     9 |    12 |     2 |     3 ||    38
         Potion            |       |     1 |     5 |       |     8 |     2 |     2 ||    18
   Stab: Petrified         |       |       |       |       |    12 |     3 |       ||    15
 Armour: Scale mail        |    65 |    18 |       |       |       |       |       ||    83
         Plate armour      |       |    89 |   250 |   207 |       |       |       ||   546
         Chain mail        |       |       |       |   177 |       |       |       ||   177
         Gold dragon scale |       |       |       |   130 |   554 |   747 |   384 ||  1815
  Dodge: Dodged            |    45 |    50 |    86 |   173 |   101 |   217 |    81 ||   753
  Block: Buckler           |    25 |    21 |    82 |   164 |    92 |       |       ||   384
         Kite shield       |       |       |       |       |   219 |  1031 |   538 ||  1788

Table legend: (Time is in decaauts)
 A = Elapsed time spent in this place.
 B = Non-inter-level travel time spent in this place.
 C = Inter-level travel time spent in this place.
 D = Time resting spent in this place.
 E = Time spent auto-exploring this place.
 F = Levels seen in this place.
 G = Mean time per level.
                   A        B        C        D        E       F      G
               +--------+--------+--------+--------+--------+-----+--------+
         Total |  32059 |  30091 |   1968 |   1725 |  16727 |  39 |  822.0 |
       Dungeon |  14391 |  13385 |   1006 |   1116 |   7651 |  15 |  959.4 |
        Temple |     20 |     20 |      0 |      0 |      0 |   1 |   20.0 |
          Lair |   4017 |   3622 |    395 |    104 |   2075 |   5 |  803.4 |
        Shoals |   3770 |   3602 |    168 |    100 |   2136 |   4 |  942.5 |
   Spider Nest |   3532 |   3268 |    264 |      5 |   1894 |   4 |  883.0 |
  Orcish Mines |   1004 |    950 |     54 |      0 |    517 |   2 |  502.0 |
        Vaults |   3636 |   3557 |     79 |      0 |   2062 |   4 |  909.0 |
        Bazaar |    244 |    244 |      0 |    100 |      0 |   1 |  244.0 |
        Bailey |    819 |    819 |      0 |    300 |    286 |   1 |  819.0 |
      Ice Cave |    363 |    363 |      0 |      0 |     56 |   1 |  363.0 |
       Volcano |    257 |    257 |      0 |      0 |     50 |   1 |  257.0 |
               +--------+--------+--------+--------+--------+-----+--------+

Top non-repeatable levels by time:
    D:11: 1724 daAuts
     D:9: 1420 daAuts
     D:6: 1373 daAuts
Spider:4: 1300 daAuts
     D:8: 1214 daAuts
     D:7: 1201 daAuts
Spider:1: 1106 daAuts
Vaults:2: 1094 daAuts
Vaults:3: 1089 daAuts
  Lair:3: 1080 daAuts
Shoals:1: 1070 daAuts
Shoals:4: 1056 daAuts
Vaults:1: 1010 daAuts
    D:12: 914 daAuts
  Lair:2: 904 daAuts
